 Dungeon Crawl Stone Soup version 0.23.2-1-ga50397a (webtiles) character file.

Game seed: 17945916629252273436

426 diana the Ducker (level 6, -4/47 HPs)
             Began as a Demonspawn Gladiator on May 6, 2019.
             Was an Initiate of Makhleb.
             Slain by a troll (8 damage)
             ... on level 6 of the Dungeon.
             The game lasted 00:07:06 (3776 turns).

diana the Ducker (Demonspawn Gladiator)             Turns: 3776, Time: 00:07:07

Health: -4/47      AC: 14    Str: 16    XL:     6   Next: 64%
Magic:  6/6        EV: 13    Int:  9    God:    Makhleb [......]
Gold:   136        SH:  0    Dex: 15    Spells: 5/5 levels left

rFire    . . .     SeeInvis +   a - +0 long sword
rCold    . . .     Gourm    .   (no shield)
rNeg     . . .     Faith    .   l - +0 ring mail
rPois    .         Spirit   .   c - +0 helmet
rElec    .         Reflect  .   (no cloak)
rCorr    .         Harm     .   k - +2 pair of gloves
MR       .....                  m - +2 pair of boots
Stlth    +.........             (no amulet)
HPRegen  0.15/turn              i - ring of see invisible
MPRegen  0.10/turn              (no ring)

@: no status effects
A: claws 1, slimy green scales 1, rot immunity
a: Renounce Religion


You were on level 6 of the Dungeon.
You worshipped Makhleb.
Makhleb was noncommittal.
You were near starving.

You visited 1 branch of the dungeon, and saw 8 of its levels.

You collected 136 gold pieces.

Inventory:

Hand Weapons
 a - a +0 long sword (weapon)
Armour
 b - a +0 leather armour
 c - a +0 helmet (worn)
 k - a +2 pair of gloves (worn)
 l - a +0 ring mail (worn)
 m - a +2 pair of boots (worn)
 s - the cursed +1 ring mail of Liberalism {rF++ rC+ MR+ MP-9, unknown}
   (You found it on level 4 of the Dungeon)

   It greatly protects you from fire.
   It protects you from cold.
   It affects your resistance to hostile enchantments.
   It affects your magic capacity (-9).
   It has a curse placed upon it.
Jewellery
 i - a ring of see invisible (left hand)
 p - an uncursed amulet of harm
Scrolls
 e - a scroll of identify
 n - 3 scrolls of remove curse
 q - a scroll of fear {unknown}
Comestibles
 f - 6 rations


   Skills:
 + Level 3.6 Fighting
 + Level 3.9 Long Blades
 - Level 1.7 Throwing
 + Level 2.5 Armour
 * Level 4.8 Dodging


You had 5 spell levels left.
You didn't know any spells.
Your spell library was empty.

Dungeon Overview and Level Annotations

Branches:
Dungeon (8/15)
 Temple: D:4-7         Lair: D:8-11

Altars:
Cheibriados
Dithmenos
Elyvilon
Fedhas
Makhleb


Innate Abilities, Weirdness & Mutations

You have sharp fingernails.
You are partially covered in slimy green scales. (AC +2)
You are immune to rotting.


Message History

The centaur shouts!
The centaur wields a cursed -1 shortbow.
The centaur shoots an arrow.
The arrow completely misses you.
You see here an arrow.
The centaur shoots an arrow.
The arrow closely misses you.
The centaur shoots an arrow.
The arrow hits you.
* * * LOW HITPOINT WARNING * * *
The centaur shoots an arrow.
The arrow closely misses you.
You see here 2 arrows.
The centaur shoots an arrow.
The arrow hits you but does no damage.
You see here an arrow.
You are near starving!
The centaur shoots an arrow.
The arrow barely misses you.
You see here an arrow.
The centaur shoots an arrow.
The arrow hits you.
* * * LOW HITPOINT WARNING * * *
The ogre barely misses you.
There is a stone staircase leading up here.
You climb upwards.
The troll bites you!
You die...

#..##.###.# .. #. .....
.# ... #.##...##.##...
## #............#
..########..##........#
#.......#.............#
##...............W....#
#..$............@.....#
#...............TO....#
#.......!.............#
#...[...................
#......................$
........†...............
...............##.....#.
.......................
........###†#..#....


You could see a troll, a wraith and an ogre.

Vanquished Creatures
  A water moccasin (D:6)
  A bullfrog (D:6)
  An orc wizard (D:3)
  A bullfrog skeleton (D:4)
  A hound (D:3)
  4 gnolls
  5 adders
  A shadow imp (D:6)
  An ooze (D:2)
  3 worms
  A dart slug (D:1)
  2 leopard geckos
  9 orcs (D:3)
  A ball python (D:6)
  8 bats
  3 giant cockroaches
  7 goblins
  7 hobgoblins
  4 kobolds (D:1)
  A quokka (D:2)
  2 frilled lizards (D:1)
  7 rats
71 creatures vanquished.

Notes
Turn   | Place    | Note
-------+----------+-------------------------------------------
     0 | D:1      | diana the Demonspawn Gladiator began the quest for the Orb.
     0 | D:1      | Reached XP level 1. HP: 16/16 MP: 1/1
   309 | D:1      | Gained mutation: You have sharp fingernails. [demonic
                  | ancestry]
   309 | D:1      | Reached XP level 2. HP: 22/22 MP: 2/2
   367 | D:1      | Reached skill level 3 in Dodging
  1251 | D:2      | Reached XP level 3. HP: 27/27 MP: 3/3
  1305 | D:2      | Reached skill level 1 in Armour
  1766 | D:1      | Reached XP level 4. HP: 7/34 MP: 4/4
  2121 | D:2      | You fall through a shaft for 2 floors!
  2121 | D:4      | Noticed an ogre
  2138 | D:4      | Found a shadowy altar of Dithmenos.
  2174 | D:4      | Noticed an ogre
  2478 | D:3      | Reached skill level 4 in Dodging
  2478 | D:3      | Gained mutation: You are immune to rotting. [demonic
                  | ancestry]
  2478 | D:3      | Reached XP level 5. HP: 35/40 MP: 5/5
  2536 | D:2      | Found a burning altar of Makhleb.
  2543 | D:2      | Became a worshipper of Makhleb the Destroyer
  2712 | D:2      | Found a faded altar of an unknown god.
  2905 | D:2      | Found a blossoming altar of Fedhas.
  3388 | D:3      | Found a snail-covered altar of Cheibriados.
  3557 | D:4      | Got a polished ring mail
  3567 | D:5      | Entered Level 5 of the Dungeon
  3567 | D:5      | Found a white marble altar of Elyvilon.
  3568 | D:5      | You fall through a shaft!
  3570 | D:6      | Noticed a water moccasin
  3584 | D:6      | Killed a water moccasin
  3584 | D:6      | Gained mutation: You are partially covered in slimy green
                  | scales. (AC +2) [demonic ancestry]
  3584 | D:6      | Reached XP level 6. HP: 46/47 MP: 6/6
  3630 | D:6      | Noticed a wraith
  3630 | D:6      | Noticed a troll
  3776 | D:6      | Slain by a troll

Skill      XL: |  1  2  3  4  5 |
---------------+----------------+-----
Dodging        | 3 4 |  4.8
Long Blades    | 3 |  3.9
Armour         | 1 2 |  2.5
Fighting       | 3 |  3.6
Throwing       | |  1.7

Action                   |  1- 3 |  4- 6 || total
-------------------------+-------+-------++-------
Melee: Long sword        |   102 |   144 ||   246
Throw: Throwing net      |     3 |     2 ||     5
  Use: Scroll            |       |     5 ||     5
       Potion            |       |     6 ||     6
 Stab: Held in net/web   |     1 |       ||     1
  Eat: Chunk             |     3 |     5 ||     8
Armor: Leather armour    |    17 |       ||    17
       Ring mail         |    20 |    62 ||    82
Dodge: Dodged            |    81 |   142 ||   223
       Rpst.: Long sword |    27 |    51 ||    78
